[Event "Late-Titled-Tuesday-Blitz-October-03-2023"]
[Site "Chess.com"]
[Date "2023.10.03"]
[Round "1"]
[White "Nor1lsk"]
[Black "Aleksandar-Topalov"]
[Result "1-0"]
[WhiteElo "2723"]
[BlackElo "2401"]
[TimeControl "180+1"]
[EndTime "14:07:19 PDT"]
[Termination "Nor1lsk won by checkmate"]

1. e4 e6 2. b3 d5 3. Bb2 Nf6 4. e5 Ng8 5. Qg4 Ne7 6. f4 h5 7. Qg3 b6 8. Nf3 Ba6 9. Bxa6 Nxa6 10. O-O Qd7 11. a4 Nf5 12. Qf2 Nb4 13. Na3 c5 14. Qe2 Be7 15. Rae1 a6 16. c3 Nc6 17. Nc2 Na5 18.
Na1 g6 19. g3 Kf8 20. Kg2 Kg7 21. h3 d4 22. c4 d3 23. Qe4 Rad8 24. Rh1 Nc6 25.
g4 Nh4+ 26. Nxh4 Bxh4 27. Ref1 hxg4 28. hxg4 Ne7 29. f5 gxf5 30. gxf5 Nxf5 31. Rxf5 exf5 32.
e6+ Kf8 33. Rxh4 Rg8+ 34. Kf2 Qxe6 35. Qxe6 fxe6 36. b4 cxb4 37. Nb3 Kf7 38. Rh7+ Kg6 39. Rb7 Rd6 40. Be5 Rc6 41. Nd4 Rxc4 42. Rxb6 Kh5 43.
Rxe6 b3 44. Nxb3 Rxa4 45. Nd4 Ra2 46. Bf4 Kg4 47. Ke3 a5 48. Nf3 Ra4 49. Ne5+ Kh3 50. Rh6+ Kg2 51. Rh2+ Kg1 52. Nf3+ Kf1 53. Rf2# 1-0

[Event "Late-Titled-Tuesday-Blitz-October-03-2023"]
[Site "Chess.com"]
[Date "2023.10.03"]
[Round "1"]
[White "bazar-wokzal"]
[Black "valemava"]
[Result "1-0"]
[WhiteElo "2584"]
[BlackElo "2273"]
[TimeControl "180+1"]
[EndTime "14:07:19 PDT"]
[Termination "bazar-wokzal won by checkmate"]

1. e4 c5 2. c3 Qa5 3. Nf3 Nc6 4.
Bc4 e6 5. O-O b5 6. Bb3 c4 7. Bc2 Bb7 8. b3 cxb3 9. Bxb3 Nf6 10. e5 Ng8 11. d4 Nce7 12. Ng5 Nh6 13. Ba3 Nef5 14. Bxf8 Kxf8 15. Qd3 a6 16. Nd2 Qc7 17.
Nde4 g6 18. h3 Kg7 19. g4 Ne7 20. Nd6 Bd5 21. f4 Nc8 22. Nde4 Bc4 23. Qf3 Nb6 24. Rfc1 Ng8 25. Nd6 Rf8 26. f5 f6 27. exf6+ Nxf6 28.
Nxc4 bxc4 29. Bc2 Qc6 30. Qxc6 dxc6 31. Nxe6+ Kf7 32. Nxf8 Rxf8 33. fxg6+ hxg6 34. Rf1 Kg7 35. g5 Nfd5 36. Rxf8 Kxf8 37. Rf1+ Kg7 38. Rf3 Nc8 39.
h4 Nd6 40. Kf2 Ne7 41. Rf6 Nef5 42. Bxf5 Nxf5 43. h5 Ne7 44. h6+ Kg8 45. h7+ Kg7 46. Rf7+ Kxf7 47. h8=Q Nf5 48. Qf6+ Ke8 49. Qxg6+ Kd7 50.
Qxf5+ Kd6 51. g6 Kc7 52. g7 Kb6 53. g8=Q a5 54. Qb8+ Ka6 55. Qfc8# 1-0

[Event "Late-Titled-Tuesday-Blitz-October-03-2023"]
[Site "Chess.com"]
[Date "2023.10.03"]
[Round "1"]
[White "K_alena13"]
[Black "NMJeevanK"]
[Result "0-1"]
[WhiteElo "2140"]
[BlackElo "2538"]
[TimeControl "180+1"]
[EndTime "14:07:19 PDT"]
[Termination "NMJeevanK won on time"]

1. Nf3 b6 2. c4 Bb7 3. Nc3 Nf6 4. g3 g6 5. Bg2 Bg7 6. O-O O-O 7. d4 Ne4 8. Bd2 Nxc3 9. Bxc3 d5 10. Ne5 e6 11.
Qc2 Nd7 12. Ng4 Rb8 13. b3 Qe7 14. Ne3 Nf6 15. Bb2 c5 16. cxd5 exd5 17. dxc5 bxc5 18. Rac1 d4 19. Nc4 Bxg2 20. Kxg2 Rfe8 21. e3 Qb7+ 22. Kg1 Qd5 23. exd4 cxd4 24. Qd3 Ng4 25. Rfe1 Qh5 26. h4 Qd5 27. Rcd1 h5 28. Rxe8+ Rxe8 29. Bxd4 Bxd4 30.
Qxd4 Re1+ 31. Rxe1 Qxd4 32. Re8+ Kg7 33. Ne3 Nxe3 34.
Rxe3 Qa1+ 35. Kg2 Qxa2 36. Rd3 Qa6 37. Re3 Qc6+ 38. Kh2 a5 39. Kh3 Qd5 40. Kh2 Qd2 41.
Kg2 f6 42. Kg1 g5 43. hxg5 fxg5 44. Kg2 Kf6 45. Kg1 Kf5 46. Kg2 Qd5+ 47. Kg1 Kg4 48.
Kh2 h4 49. Rc3 Qe5 0-1

[Event "Late-Titled-Tuesday-Blitz-October-03-2023"]
[Site "Chess.com"]
[Date "2023.10.03"]
[Round "1"]
[White "vanyakuba"]
[Black "jimis98"]
[Result "0-1"]
[WhiteElo "2376"]
[BlackElo "2695"]
[TimeControl "180+1"]
[EndTime "14:07:20 PDT"]
[Termination "jimis98 won by resignation"]

1. e4 c5 2. c3 Nf6 3. e5 Nd5 4. d4 cxd4 5. cxd4 e6 6. Nc3 Nxc3 7. bxc3 Qc7 8. Bd2 b6 9. f4 Bb7 10. Nf3 d6 11. Bd3 Nd7 12. O-O Be7 13. Qe1 g6 14. Qg3 Bd5 15. exd6 Bxd6 16. Ne5 Nf6 17. Rae1 Nh5 18. Qh3 O-O-O 19. c4 Bb7 20. Be3 Kb8 21.
Be2 f6 22. Nd3 Ng7 23. c5 Be7 24. Rc1 Nf5 25. Kh1 Qd7 26. c6 Bxc6 27. Nb4 Bxb4 28.
Bf2 Bd6 29. Bg4 Rc8 30. Rcd1 Bd5 31. Rfe1 h5 32. Bf3 Qb7 33. Bxd5 Qxd5 34. Kg1 Rhe8 35. Qd3 Kb7 0-1

[Event "Late-Titled-Tuesday-Blitz-October-03-2023"]
[Site "Chess.com"]
[Date "2023.10.03"]
[Round "1"]
[White "Hilary46"]
[Black "NCchamp"]
[Result "1-0"]
[WhiteElo "2629"]
[BlackElo "2324"]
[TimeControl "180+1"]
[EndTime "14:07:21 PDT"]
[Termination "Hilary46 won by checkmate"]

1. e4 c6 2. d4 d5 3. e5 Bf5 4. c4 e6 5. Nc3 Nd7 6. Nf3 h5 7. Be3 Ne7 8. c5 a5 9. a3 b6 10. b4 axb4 11. axb4 bxc5 12. bxc5 Ng6 13. Be2 Be7 14. O-O O-O 15. Ne1 h4 16. Nd3 Qc7 17. Nb4 Rxa1 18. Qxa1 Rb8 19. Na6 Qc8 20. Nxb8 Qxb8 21.
Qa6 Qb2 22. Rc1 Nb8 23. Qc8+ Kh7 24. h3 f6 25. f4 fxe5 26. fxe5 Bc2 27. Nd1 Bxd1 28. Bxd1 Nf8 29. Bc2+ Kg8 30. Qc7 Nfd7 31. Qa5 g5 32. Qd2 Qa3 33. Qd3 Qxd3 34. Bxd3 Kg7 35.
Rb1 Bd8 36. Rb7 Ba5 37. Bc2 Bc3 38. Ba4 Kg6 39. Kf2 Kf5 40. Bc2# 1-0

[Event "Late-Titled-Tuesday-Blitz-October-03-2023"]
[Site "Chess.com"]
[Date "2023.10.03"]
[Round "1"]
[White "Dzidzik2203"]
[Black "ameetghasi100"]
[Result "0-1"]
[WhiteElo "2400"]
[BlackElo "2722"]
[TimeControl "180+1"]
[EndTime "14:07:24 PDT"]
[Termination "ameetghasi100 won by checkmate"]

1. d4 Nf6 2. c4 g6 3. Nc3 Bg7 4. e4 d6 5. Nf3 O-O 6. Be2 Bg4 7. Ng1 Bd7 8. Be3 e5 9. Nf3 Nc6 10. d5 Ne7 11. Nd2 c6 12. O-O a5 13. a3 Ne8 14.
b4 f5 15. f3 h5 16. Qc2 f4 17.
Bf2 g5 18. c5 cxd5 19. exd5 axb4 20. axb4 Rxa1 21. Rxa1 g4 22. Nde4 Nf5 23. Rd1 gxf3 24. Bxf3 h4 25. b5 dxc5 26. Nxc5 Nd4 27. Bxd4 exd4 28. Ne6 Qb6 29. Nxg7 dxc3+ 30. Kh1 Nxg7 31. Qxc3 Qe3 32. Qc7 Nf5 33. Qxd7 Re8 34. Rg1 Qe5 35. Qxb7 Qh8 36. h3 Qd4 37. d6 Ng3+ 38. Kh2 Qxg1+ 39.
Kxg1 Re1+ 40. Kf2 Rf1# 0-1

[Event "Late-Titled-Tuesday-Blitz-October-03-2023"]
[Site "Chess.com"]
[Date "2023.10.03"]
[Round "1"]
[White "Likvidator228"]
[Black "chosenpr"]
[Result "1-0"]
[WhiteElo "2568"]
[BlackElo "2236"]
[TimeControl "180+1"]
[EndTime "14:07:24 PDT"]
[Termination "Likvidator228 won on time"]

1. d4 Nf6 2. Bf4 e6 3. e3 c5 4.
c3 b6 5. Nf3 Bb7 6. Bd3 cxd4 7.
cxd4 Be7 8. Nc3 O-O 9. h3 a6 10. O-O d6 11. Rc1 Nbd7 12. Re1 Rc8 13. e4 Re8 14. Qe2 b5 15. a3 Nf8 16. e5 dxe5 17.
dxe5 Nd5 18. Nxd5 Bxd5 19. Bg3 Qb6 20. Be4 Bc4 21. Qd2 Red8 22. Qf4 Ng6 23. Qg4 a5 24. h4 Nf8 25. h5 h6 26. Bf4 Kh8 27. Be3 Bc5 28.
Bxc5 Rxc5 29. b4 axb4 30. axb4 Rc7 31. Qf4 Kg8 32. g4 Ra7 33. Rc2 Bb3 34. Rb2 Bd5 35.
g5 Bxe4 36. Qxe4 hxg5 37. Nxg5 Rd4 38. Qg2 Qb7 39. Nf3 Rf4 40. Rb3 Qd5 41. Rbe3 Rxb4 42. h6 g6 43. Qg5 Nh7 44. Qg3 Rba4 45. Kh2 b4 46. Rc1 Rd7 47. Qh4 Rd8 48. Rc7 Ra3 49.
Qf4 Rf8 50. Ng5 Nxg5 51. Qf6 1-0

[Event "Late-Titled-Tuesday-Blitz-October-03-2023"]
[Site "Chess.com"]
[Date "2023.10.03"]
[Round "1"]
[White "Mbneu"]
[Black "BigAl"]
[Result "1-0"]
[WhiteElo "2233"]
[BlackElo "2544"]
[TimeControl "180+1"]
[EndTime "14:07:25 PDT"]
[Termination "Mbneu won on time"]

1. d4 Nf6 2. c4 g6 3. Nc3 Bg7 4. e4 O-O 5. f4 d6 6. Nf3 c5 7. d5 e6 8. Be2 exd5 9. cxd5 Nbd7 10. O-O Re8 11. Qc2 c4 12. Bxc4 Nc5 13. e5 Bf5 14. Qd1 dxe5 15. Nxe5 Rc8 16. d6 Be6 17. Bb5 Nfd7 18. Be3 a6 19. Bxd7 Nxd7 20. Bd4 Nc5 21. b4 Nd7 22. Ne4 Nf6 23. Nxf6+ Bxf6 24. d7 Bxd7 25. Nxd7 Be7 26. Bb6 Rc7 27. Bxc7 Qxc7 28.
Ne5 Bxb4 29. Rc1 Qb6+ 30. Kh1 Rf8 31. Qd5 Qe3 32. Rc4 a5 33. Qd3 Qa7 34. Rfc1 Qa8 35. Qd4 Rd8 36. Qf2 Bf8 37. Qc2 Qa7 38. h3 1-0

[Event "Late-Titled-Tuesday-Blitz-October-03-2023"]
[Site "Chess.com"]
[Date "2023.10.03"]
[Round "1"]
[White "nihalsarin"]
[Black "Giorno"]
[Result "1-0"]
[WhiteElo "3065"]
[BlackElo "2507"]
[TimeControl "180+1"]
[EndTime "14:07:29 PDT"]
[Termination "nihalsarin won by resignation"]

1. a3 e5 2. c4 Nf6 3. Nc3 Nc6 4. e3 Be7 5. g4 O-O 6. g5 Ne8 7. h4 d6 8. Bd3 f5 9. gxf6 Nxf6 10.
Nh3 Bg4 11. Qc2 Qd7 12. Ng5 h6 13. Nd5 hxg5 14. hxg5 Nh5 15. Bh7+ Kh8 16. Bg6 Bxg5 17. Bxh5 Bxh5 18. Rxh5+ Bh6 19. Qg6 Qf7 20. Qxf7 Rxf7 21. d3 Kg8 22. Bd2 Raf8 23. Rh2 Nd8 24. Ke2 c6 25. Nc3 Ne6 26. Rg1 Kh7 27. Rgg2 Rd8 28. Rh5 Rf6 29. Ne4 Rg6 30. Rgh2 d5 31. cxd5 cxd5 32.
Ng3 d4 33. Rxe5 dxe3 34. Bxe3 Nd4+ 35. Bxd4 Rxd4 36. Ne4 Rd8 37. Re7 Rb6 38. b4 Kg8 39. Rh5 Ra6 40. Ra5 Rxa5 41. bxa5 Rb8 42. d4 Bf4 43. d5 Bc1 44. a4 Ba3 45. Rd7 Bb4 46. a6 bxa6 47. Rxa7 a5 48. Kd3 Rd8 49. Kd4 Rc8 50.
d6 Rc1 51. Kd5 Kf8 52. Ke6 Rc8 53. d7 Rd8 54. Rc7 Be7 55. Rc8 Bh4 56. f4 g6 57.
Ng5 1-0

[Event "Late-Titled-Tuesday-Blitz-October-03-2023"]
[Site "Chess.com"]
[Date "2023.10.03"]
[Round "1"]
[White "Zhigalko_Sergei"]
[Black "Mikhal867"]
[Result "1-0"]
[WhiteElo "2930"]
[BlackElo "2477"]
[TimeControl "180+1"]
[EndTime "14:07:30 PDT"]
[Termination "Zhigalko_Sergei won on time"]

1. e4 g6 2. d4 Bg7 3. Nc3 d6 4.
Nf3 a6 5. Be3 Nd7 6. Bc4 e6 7.
O-O Ne7 8. a4 b6 9. Qd2 h6 10.
Rfe1 Bb7 11. h3 g5 12. Bd3 Ng6 13. Ne2 Nf6 14. Ng3 Qd7 15. b3 O-O-O 16. Qe2 a5 17. b4 Nf4 18. Bxf4 gxf4 19. Nf1 axb4 20. a5 Qc6 21. N1d2 Nd7 22. Reb1 bxa5 23. Nb3 Qc3 24. Nxa5 Nb6 25. Nxb7 Kxb7 26. Ba6+ Kb8 27. Ra2 Bxd4 28. Nxd4 Qxd4 29. Rba1 Rhg8 30. Qf3 Qc3 31. Qxf4 Qxh3 32.
Bf1 Qg4 33. Qe3 Qg5 34. Qd3 Qc5 35. Ra7 Kc8 36. Qf3 f5 37. exf5 Qxf5 38. Qc6 1-0

[Event "Late-Titled-Tuesday-Blitz-October-03-2023"]
[Site "Chess.com"]
[Date "2023.10.03"]
[Round "1"]
[White "KafkaesqueKnight"]
[Black "amateurchess20"]
[Result "1-0"]
[WhiteElo "2335"]
[BlackElo "2604"]
[TimeControl "180+1"]
[EndTime "14:07:33 PDT"]
[Termination "KafkaesqueKnight won by resignation"]

1. d4 Nf6 2. c4 e6 3. Nf3 d5 4. Nc3 dxc4 5. e4 b5 6. e5 Nd5 7. Nxb5 Nb6 8. Be2 Bb7 9. h4 Qd7 10. Nc3 Nc6 11. h5 h6 12. Rh4 O-O-O 13. Rg4 Nb4 14. a3 N4d5 15. Kf1 f5 16. Rg6 Rg8 17. a4 a5 18. Nb5 Kb8 19. Bd2 Bb4 20. Rc1 Ba6 21. Bxb4 axb4 22. b3 Nf4 23. Bxc4 Nxc4 24. bxc4 Nxg6 25. hxg6 Qe8 26. Qb3 Qxg6 27. Qxb4 Bb7 28. Rb1 Rd7 29. Qa5 c5 30. Qa7+ Kc8 31.
Nd6+ Rxd6 32. Qxb7+ Kd8 33. Qb8+ Ke7 34. Qxd6+ Kf7 35. Rb8 Rxb8 36. Qxb8 f4 37. Qc7+ Kg8 38. Qxc5 Qb1+ 39. Ne1 Qa1 40. Qc8+ Kf7 41. Qd7+ Kf8 42. Qxe6 Qxa4 43. Qf5+ Kg8 44. e6 Qxc4+ 45. Kg1 Qxd4 46. e7 Qe3 47. fxe3 1-0

[Event "Late-Titled-Tuesday-Blitz-October-03-2023"]
[Site "Chess.com"]
[Date "2023.10.03"]
[Round "1"]
[White "wanyaland"]
[Black "German_Bazeev"]
[Result "0-1"]
[WhiteElo "2430"]
[BlackElo "2801"]
[TimeControl "180+1"]
[EndTime "14:07:37 PDT"]
[Termination "German_Bazeev won on time"]

1. d4 Nf6 2. c4 e6 3. g3 d5 4. Bg2 Bb4+ 5. Bd2 Be7 6. Nf3 O-O 7. O-O c6 8. Qc2 Nbd7 9. Nc3 dxc4 10. a4 a5 11. e4 b6 12. h3 Ba6 13. Rfd1 b5 14.
e5 Nd5 15. Ne4 b4 16. Neg5 g6 17. Qe4 Kg7 18. Qg4 h5 19. Qe4 c3 20. bxc3 bxc3 21. Bc1 Rb8 22. g4 Rh8 23. h4 Rb4 24. Bh3 Nf8 25. Kh2 c5 26. Rg1 cxd4 27. Nxd4 Bc5 28. Nc6 Rxe4 29. Nxd8 Re2 30. Ndxf7 Rxf2+ 31. Rg2 Rxf7 32. Nxf7 Kxf7 33. Bg5 Bd3 34. Rd1 Bc4 35. Rb1 Bb4 36. Rf2+ Ke8 37. gxh5 Rxh5 38. Bg4 Rh7 39. Bd1 Bd3 40.
Bc2 Bf5 41. Rd1 Nd7 42. Kg3 Nc5 0-1

[Event "Late-Titled-Tuesday-Blitz-October-03-2023"]
[Site "Chess.com"]
[Date "2023.10.03"]
[Round "1"]
[White "Grossboss19"]
[Black "Joel1285"]
[Result "1-0"]
[WhiteElo "2514"]
[BlackElo "1908"]
[TimeControl "180+1"]
[EndTime "14:07:37 PDT"]
[Termination "Grossboss19 won on time"]

1. d4 Nf6 2. Nc3 d5 3. Bf4 c6 4. e3 e6 5. g4 Bd6 6. Qf3 Bxf4 7. Qxf4 Nfd7 8. Nf3 Qf6 9. Qg3 O-O 10. g5 Qe7 11.
O-O-O b6 12. h4 Ba6 13. h5 Bxf1 14. Rdxf1 Na6 15. g6 fxg6 16. hxg6 h6 17. Nh2 e5 18.
dxe5 Qxe5 19. Qxe5 Nxe5 20. Rhg1 Nf3 21. Nxf3 Rxf3 22.
Ne2 Nc5 23. Nd4 Rf6 24. f4 Ne4 25. f5 Raf8 26. Ne6 Re8 27. Rf4 Nc5 28. Nxc5 bxc5 29. Kd2 Re5 30. Rgf1 Kf8 31. e4 dxe4 32. Ke3 Rd6 33.
Rxe4 Rxe4+ 34. Kxe4 Rd2 35. f6 gxf6 36. Rxf6+ Kg7 37.
Rxc6 Rxc2 38. a4 Rxb2 39. a5 a6 40. Rxa6 h5 41. Kf4 h4 42. Kg5 Rb4 43. Ra7+ Kg8 44.
Kh6 Rf4 45. Ra8+ Rf8 46. Rxf8+ Kxf8 47. a6 h3 48. a7 h2 49. a8=Q+ 1-0

[Event "Late-Titled-Tuesday-Blitz-October-03-2023"]
[Site "Chess.com"]
[Date "2023.10.03"]
[Round "1"]
[White "Schwindle"]
[Black "I_am_Javi"]
[Result "0-1"]
[WhiteElo "2411"]
[BlackElo "2747"]
[TimeControl "180+1"]
[EndTime "14:07:38 PDT"]
[Termination "I_am_Javi won by resignation"]

1. Nf3 Nf6 2. e3 g6 3. c4 Bg7 4. Nc3 O-O 5. d4 d5 6. Be2 c5 7. cxd5 Nxd5 8. O-O Nc6 9. Nxd5 Qxd5 10. dxc5 Qxc5 11.
Qa4 a6 12. Qh4 Bf6 13. Qh6 Ne5 14. Nxe5 Qxe5 15. f4 Qc5 16. Kh1 Rd8 17. e4 b5 18.
Bf3 Bb7 19. f5 Rac8 20. Be3 Qe5 21. Rae1 Qxb2 22. Bf4 Rc2 23. e5 Bg7 24. Qh3 Bxf3 25. Qxf3 gxf5 26. e6 Qxa2 27. exf7+ Qxf7 28. Qg3 Rc3 29. Qh4 Bf6 30. Bg5 Rd5 31. Bxf6 Qxf6 32. Qh5 Kg7 33.
Qe8 Re5 34. Rd1 Qf7 35. Qa8 Rec5 36. Rd8 Rc1 37. Rdd1 Rxd1 38. Rxd1 Qb3 39. Rf1 Qd3 40. Rg1 Qd6 41. h3 b4 42. Rf1 Rb5 43. Qf3 b3 44.
Qh5 Qg6 45. Qh4 Qf6 46. Qg3+ Kf7 47. Re1 b2 48. Qa3 b1=Q 49. Rxb1 Rxb1+ 0-1

[Event "Late-Titled-Tuesday-Blitz-October-03-2023"]
[Site "Chess.com"]
[Date "2023.10.03"]
[Round "1"]
[White "egnfanclub"]
[Black "Lennis93"]
[Result "1/2-1/2"]
[WhiteElo "2407"]
[BlackElo "2709"]
[TimeControl "180+1"]
[EndTime "14:07:39 PDT"]
[Termination "Game drawn by repetition"]

1. e4 c5 2. Nc3 Nc6 3. f4 e6 4.
Nf3 d5 5. Bb5 d4 6. Bxc6+ bxc6 7.
Ne2 d3 8. cxd3 Qxd3 9. Nc3 f6 10. Qa4 Ne7 11. h4 h5 12. Rh3 Qd6 13. e5 Qc7 14. Ne4 Nd5 15. d3 Rb8 16. a3 Rb5 17. Rg3 Kf7 18. Qc4 Be7 19. exf6 gxf6 20. Nc3 Nxc3 21. Qxc3 Rd8 22. Be3 Qb8 23. O-O-O Rb3 24. Qc2 Ba6 25. d4 f5 26. Ne5+ Kf8 27. Nxc6 Qb6 28. Nxd8 c4 29. Nxe6+ Qxe6 30. Bf2 Rxg3 31. Bxg3 Bb7 32. d5 Bxd5 33. Qd2 Be4 34. Qd4 Kf7 35. Bf2 a6 36. Qh8 c3 37.
Qxc3 Bf6 38. Bd4 Bxh4 39. Qc7+ Be7 40. Be5 Qb3 41. Rd2 Qe3 42. Bd6 Qe1+ 43. Rd1 Qe3+ 44.
Rd2 Qe1+ 45. Rd1 Qe3+ 46. Rd2 1/2-1/2

[Event "Late-Titled-Tuesday-Blitz-October-03-2023"]
[Site "Chess.com"]
[Date "2023.10.03"]
[Round "1"]
[White "Nf3c5"]
[Black "luca_va99"]
[Result "1-0"]
[WhiteElo "2594"]
[BlackElo "2279"]
[TimeControl "180+1"]
[EndTime "14:07:39 PDT"]
[Termination "Nf3c5 won on time"]

1. d4 Nf6 2. c4 c5 3. d5 e5 4. Nc3 d6 5. e4 Be7 6. Bd3 Nbd7 7. h3 h5 8. Nf3 Nf8 9. a3 h4 10. b4 b6 11. Rb1 Ng6 12. Bc2 Nh5 13. Ba4+ Bd7 14.
bxc5 bxc5 15. Bxd7+ Qxd7 16. Qa4 Qxa4 17. Nxa4 Nhf4 18.
Bxf4 Nxf4 19. O-O O-O-O 20. Rb5 Kc7 21. Ra5 Ra8 22. Rb1 Rhb8 23. Rxb8 Kxb8 24. Ra6 Kb7 25. Rc6 Rc8 26. Rxc8 Kxc8 27. Kf1 g6 28. Ng1 f5 29. Nc3 Bd8 30. exf5 gxf5 31. g3 Ng6 32. Kg2 Kb7 33. Nge2 Ka6 34. Nb5 Be7 35. Nc7+ Kb6 36. Ne6 Ka5 37.
Ng7 f4 38. Nc3 fxg3 39. fxg3 hxg3 40. Kxg3 Bh4+ 41. Kg4 Be1 42. Ne4 Ka4 43. Nxd6 Kxa3 44. Ne4 Kb3 45. d6 Kxc4 46. d7 Bh4 47. Ng5 Bxg5 48.
Kxg5 Nf8 49. d8=Q 1-0

[Event "Late-Titled-Tuesday-Blitz-October-03-2023"]
[Site "Chess.com"]
[Date "2023.10.03"]
[Round "1"]
[White "Slovak_fighter2000"]
[Black "artin10862"]
[Result "1-0"]
[WhiteElo "2450"]
[BlackElo "2800"]
[TimeControl "180+1"]
[EndTime "14:07:43 PDT"]
[Termination "Slovak_fighter2000 won by resignation"]

1. Nf3 c5 2. e4 d6 3. c3 Nf6 4. Be2 Bd7 5. e5 dxe5 6. Nxe5 Nc6 7. Nxd7 Qxd7 8. Qa4 e6 9. O-O Rc8 10. Rd1 Be7 11.
Bb5 a6 12. Bxc6 Rxc6 13. d4 b5 14. Qb3 cxd4 15. cxd4 Nd5 16. Bd2 O-O 17. Nc3 Rc4 18. Nxd5 Qxd5 19. Be3 Rfc8 20. Rac1 Bf6 21. Rxc4 Rxc4 22.
Qd3 h5 23. h3 g6 24. b3 Rc6 25.
Qd2 Kg7 26. Bh6+ Kh7 27. Be3 Rd6 28. Kf1 Rc6 29. Kg1 Qe4 30. Qd3 Qxd3 31. Rxd3 Rc2 32. a4 bxa4 33. bxa4 Ra2 34. d5 exd5 35. Rxd5 Rxa4 36.
Rd7 Kg7 37. g3 Ra1+ 38. Kg2 a5 39. Ra7 a4 40. Bc5 Bb2 41. Rb7 a3 42. Rb3 Kf6 43. Rxb2 axb2 44. Bd4+ Kf5 45. Bxb2 Ra2 46. Bd4 Ke4 47.
Bb6 g5 48. Bd8 Kf5 49. Kf3 Ra3+ 50. Kg2 f6 51. Be7 Kg6 52. Bxa3 1-0

[Event "Late-Titled-Tuesday-Blitz-October-03-2023"]
[Site "Chess.com"]
[Date "2023.10.03"]
[Round "1"]
[White "Veleamater"]
[Black "Gameking51"]
[Result "0-1"]
[WhiteElo "2314"]
[BlackElo "2616"]
[TimeControl "180+1"]
[EndTime "14:07:43 PDT"]
[Termination "Gameking51 won by resignation"]

1. g3 g6 2. Bg2 Bg7 3. d3 d5 4. h3 c5 5. Nc3 Nf6 6. Bf4 Nc6 7.
Nf3 O-O 8. O-O d4 9. Ne4 Nxe4 10. dxe4 e5 11. Bg5 f6 12. Bd2 f5 13. exf5 gxf5 14.
Nh4 e4 15. e3 Qb6 16. exd4 cxd4 17. b3 e3 18. Be1 f4 19. Kh2 Qb5 20. fxe3 dxe3 21. c4 Qe5 22. Bd5+ Kh8 23. Nf3 Qxa1 24. Qxa1 Bxa1 25. gxf4 Bg7 26. Ng5 Bf5 27. Nf7+ Rxf7 28. Bxf7 Rd8 29. Bd5 Ne7 30. Bf3 Ng6 31. Kg3 Bf6 32. Bg4 Bh4+ 33. Kf3 Bd3 34. Rg1 Bxe1 35. Rxe1 e2 36. Kg3 b5 37. cxb5 Bxb5 38. f5 Rd3+ 39. Kf2 Nf4 40. Bxe2 Rd2 41. Ke3 Rxe2+ 42. Rxe2 Nxe2 43.
a4 Ba6 44. b4 Nc3 45. b5 Bb7 46. Kd4 Nxa4 47. Kc4 Kg7 48. h4 Kf6 49. Kb4 Nb6 50.
Kc5 Kxf5 51. Kd6 Bf3 52. Kc7 Be2 53. Kb8 Bxb5 54. Kxa7 Nd5 55. Kb7 Bd3 56. Kc6 Nf4 57.
Kc5 h5 58. Kd4 Be4 59. Ke3 Ng6 60. Kf2 Nxh4 61. Kg3 Ng6 62. Kh3 Kg5 63. Kg3 h4+ 64.
Kh3 Nf4+ 65. Kh2 Kg4 66. Kg1 Kg3 67. Kf1 h3 68. Ke1 h2 69. Kd2 h1=Q 70. Ke3 Qf3+ 0-1

[Event "Late-Titled-Tuesday-Blitz-October-03-2023"]
[Site "Chess.com"]
[Date "2023.10.03"]
[Round "1"]
[White "nitpicker"]
[Black "bipe137"]
[Result "0-1"]
[WhiteElo "2237"]
[BlackElo "2571"]
[TimeControl "180+1"]
[EndTime "14:07:43 PDT"]
[Termination "bipe137 won on time"]

1. d4 d5 2. c4 e6 3. Nf3 a6 4. cxd5 exd5 5. Nc3 Nf6 6. Bf4 Bd6 7. Bg3 O-O 8. e3 c6 9. Bd3 Bg4 10. O-O Re8 11.
Be2 Bf5 12. Bd3 Bxd3 13. Qxd3 Ne4 14. Bxd6 Nxd6 15. Nd2 Nd7 16. Rae1 Qh4 17. f3 f5 18. g3 Qh3 19. e4 fxe4 20. fxe4 dxe4 21. Ndxe4 Nxe4 22. Rxe4 Rf8 23. Re7 Nf6 24. Qf3 Ng4 25. Qg2 Rxf1+ 26.
Kxf1 Nxh2+ 27. Kg1 Qxg2+ 28. Kxg2 Ng4 29. Rxb7 Rd8 30. Rb4 h5 31. Ne4 Ne3+ 32. Kf3 Nc2 33. Rc4 Nxd4+ 34. Kf4 Kf7 35. Ke5 Rd5+ 36. Kf4 c5 37.
Nxc5 Ne2+ 38. Ke4 Rd6 39. Nd3 Nxg3+ 40. Ke3 Nf5+ 41. Ke4 g6 42. Rc7+ Kf6 43. Nf4 Rd4+ 44. Kf3 Rd6 45. Rc5 h4 46. Nh3 g5 47. Nf2 Nh6 48.
Ne4+ Ke6 49. Nxd6 g4+ 50. Kf4 Kxd6 51. Kg5 g3 52. Kxh4 Kxc5 0-1

[Event "Late-Titled-Tuesday-Blitz-October-03-2023"]
[Site "Chess.com"]
[Date "2023.10.03"]
[Round "1"]
[White "AleksandrAleksikov"]
[Black "onnoelgersma"]
[Result "0-1"]
[WhiteElo "2205"]
[BlackElo "2556"]
[TimeControl "180+1"]
[EndTime "14:07:43 PDT"]
[Termination "onnoelgersma won on time"]

1. e4 g6 2. d4 d6 3. c4 Bg7 4. Nc3 Nc6 5. Be3 e5 6. Nge2 exd4 7.
Nxd4 Nf6 8. Be2 O-O 9. O-O a5 10. f3 Re8 11. Qd2 Ne5 12. Rad1 c6 13. Rfe1 Qc7 14.
b3 Be6 15. Nxe6 Rxe6 16. h3 Rd8 17. f4 Ned7 18. Bf3 h5 19. g3 Rde8 20. Bf2 b6 21. Kh1 Nc5 22. Qc2 Qe7 23. Re2 Nfxe4 24.
Nxe4 Nxe4 25. Bxe4 Rxe4 26. Rxe4 Qxe4+ 27. Qxe4 Rxe4 28. Bxb6 a4 29. bxa4 Rxc4 30. a5 d5 31. a6 Ra4 32. a7 Bf8 33. Rc1 c5 34. Bxc5 Bxc5 35. Rxc5 Rxa7 36. Rxd5 Rxa2 37. Rd3 Kg7 38. Kg1 Ra4 39. Kf2 h4 40. Kf3 hxg3 41. Kxg3 Kf6 42. Kf3 Ra1 43. Rb3 Rh1 44. Kg3 Rc1 45. Kf3 Kg7 46.
Kg3 Kh6 47. Kg4 Rd1 48. Rb5 Rd3 49. f5 Rd4+ 50. Kg3 g5 51. Rb7 Kg7 52. Rb6 Rf4 53.
Rb5 Kf6 0-1

[Event "Late-Titled-Tuesday-Blitz-October-03-2023"]
[Site "Chess.com"]
[Date "2023.10.03"]
[Round "1"]
[White "WindWhistler11"]
[Black "MikaelyanArman"]
[Result "0-1"]
[WhiteElo "2449"]
[BlackElo "2858"]
[TimeControl "180+1"]
[EndTime "14:07:47 PDT"]
[Termination "MikaelyanArman won by resignation"]

1. Nf3 d5 2. c4 c6 3. g3 Nf6 4. b3 Bg4 5. Bb2 Bxf3 6. exf3 e6 7. Bg2 Nbd7 8. d3 Be7 9. O-O O-O 10. Qc2 a5 11. Nc3 d4 12. Ne2 e5 13. f4 Bc5 14.
h3 Re8 15. fxe5 Nxe5 16. Rfe1 Qd7 17. a3 Rad8 18. g4 Ng6 19. Bc1 h6 20. Bd2 Qc7 21. b4 axb4 22. axb4 Bd6 23. g5 hxg5 24. Bxg5 Re6 25. c5 Bh2+ 26. Kh1 Rde8 27. Qd2 Bf4 28. Nxf4 Rxe1+ 29. Rxe1 Rxe1+ 30. Qxe1 Nxf4 31. Bxf4 Qxf4 32. Qe7 Qxf2 33. Qxb7 Nh5 34. Qxc6 Ng3+ 35. Kh2 Ne2 36. Qc8+ Kh7 37. h4 f5 38. Qc6 Qg1+ 39. Kh3 Nf4+ 40. Kg3 Ne2+ 41. Kh3 Qe1 42. Qf3 Ng1+ 43. Kh2 Nxf3+ 44.
Bxf3 Qxh4+ 45. Kg2 Qg5+ 46. Kf2 Qd2+ 47. Kg3 Qxb4 48.
c6 Qd6+ 49. Kh4 Qf4+ 0-1

[Event "Late-Titled-Tuesday-Blitz-October-03-2023"]
[Site "Chess.com"]
[Date "2023.10.03"]
[Round "1"]
[White "Good_Knight_Kiss"]
[Black "sofaceindisguise"]
[Result "0-1"]
[WhiteElo "2436"]
[BlackElo "2822"]
[TimeControl "180+1"]
[EndTime "14:07:49 PDT"]
[Termination "sofaceindisguise won on time"]

1. e4 c5 2. Nf3 e6 3. d4 cxd4 4. Nxd4 Nc6 5. Nc3 Nf6 6. Ndb5 Bc5 7. Nd6+ Ke7 8. Bf4 e5 9. Nf5+ Kf8 10. Bg5 h6 11.
Bxf6 Qxf6 12. Nd5 Qd8 13. c3 a5 14. Bc4 g6 15. Nfe3 Kg7 16. O-O d6 17. Qd3 Be6 18.
Rad1 h5 19. Kh1 h4 20. h3 Rb8 21. f4 exf4 22. Rxf4 Ne5 23. Qe2 b5 24. Bxb5 Bxe3 25. Nxe3 Qb6 26. a4 Rh5 27. Nd5 Bxd5 28. Rxd5 Rg5 29.
Qd2 Rd8 30. Rxh4 f6 31. Rf4 Qc7 32. Rf1 Qe7 33. Rd1 Nf7 34. Rxg5 Nxg5 35. Bc6 Qe5 36. Bd5 Rb8 37. b4 Rh8 38. b5 Nxh3 39. gxh3 Rxh3+ 40. Kg1 Qg3+ 41. Qg2 Qe3+ 42. Qf2 Rg3+ 43. Kf1 Rf3 44. Qxf3 Qxf3+ 45. Ke1 Qxc3+ 46. Ke2 Qc2+ 47. Rd2 Qxa4 48. Bc6 Qc4+ 49. Ke3 Qc5+ 50. Kd3 a4 51. Rc2 Qb6 52. Kc3 Qa5+ 53. Kb2 Qb4+ 54. Kc1 a3 55. Ra2 g5 0-1